[Event "110th Anniversary Open 2020"]
[Site "Hilleroed"]
[Date "2020.02.08"]
[Round "1.2"]
[White "Gukesh D"]
[Black "Madsen, Michael Ole"]
[Result "1-0"]
[ECO "A11"]
[WhiteElo "2542"]
[BlackElo "2042"]
[Annotator "ChessBase"]
[PlyCount "69"]
[EventDate "2020.02.08"]
[EventType "swiss"]
[EventCountry "DEN"]
[SourceTitle "playchess.com"]
[Source "ChessBase"]
[SourceQuality "1"]
[TimeControl "40/5400+30:1800+30"]

1. Nf3 Nf6 2. g3 d5 3. Bg2 c6 4. O-O Bf5 5. d3 h6 6. c4 e6 7. cxd5 exd5 8. Nc3 Be7 9. Qb3 Qb6 10. Qc2 O-O 11. e4 dxe4 12. dxe4 Bh7 13. Be3 Qc7 14. Rad1 Na6 15. Qe2 Bb4 16. Nd4 Bxc3 17. bxc3 Rfe8 18. f3 Rad8 19. Bh3 Qa5 20. Qb2 Qh5 21. Bg2 c5 22. Ne2 b6 23. c4 Rxd1 24. Rxd1 Nb4 25. Bf4 Nc6 26. g4 Nxg4 27. fxg4 Qxg4 28. h3 Qh4 29. Bg3 Qg5 30. Rd5 f5 31. Kh2 Qe7 32. Rd6 Na5 33. e5 Nb7 34. Bd5+ Kh8 35. Re6 1-0

[Event "110th Anniversary Open 2020"]
[Site "Hilleroed"]
[Date "2020.02.08"]
[Round "1.4"]
[White "Kristiansen, Jens"]
[Black "Jensen, Thore Nyboe"]
[Result "1/2-1/2"]
[ECO "A08"]
[WhiteElo "2406"]
[BlackElo "2006"]
[Annotator "ChessBase"]
[PlyCount "108"]
[EventDate "2020.02.08"]
[EventType "swiss"]
[EventCountry "DEN"]
[SourceTitle "playchess.com"]
[Source "ChessBase"]
[SourceQuality "1"]
[TimeControl "40/5400+30:1800+30"]

1. Nf3 c5 2. g3 Nf6 3. Bg2 d5 4. O-O g6 5. d3 Bg7 6. Nbd2 Nc6 7. e4 O-O 8. c3 dxe4 9. dxe4 Qc7 10. Re1 Ng4 11. Nc4 Rd8 12. Qe2 b6 13. h3 Nge5 14. Nfxe5 Nxe5 15. Ne3 e6 16. f4 Nd3 17. Rd1 Ba6 18. Bd2 Rd7 19. e5 Rad8 20. Be1 c4 21. b4 cxb3 22. axb3 Nxe1 23. Rxd7 Rxd7 24. Qxe1 Bb5 25. c4 Bc6 26. Rd1 Bxg2 27. Kxg2 h5 28. Rxd7 Qxd7 29. Qd1 Qxd1 30. Nxd1 f6 31. exf6 Bxf6 32. Nf2 Kf7 33. Nd3 Bd4 34. Kf3 Kf6 35. Ke4 Bc3 36. b4 a5 37. c5 b5 38. bxa5 Bxa5 39. Kd4 g5 40. fxg5+ Kxg5 41. Nf2 Kf6 42. Ne4+ Ke7 43. g4 hxg4 44. hxg4 Bc7 45. Nc3 Bg3 46. Ne4 Bc7 47. g5 Kf7 48. Nd6+ Kg6 49. Nxb5 Bb8 50. c6 Kxg5 51. Kc5 Kf6 52. Nd6 Ke7 53. Ne4 Bc7 54. Kb5 Kd8 1/2-1/2

[Event "110th Anniversary Open 2020"]
[Site "Hilleroed"]
[Date "2020.02.08"]
[Round "1.6"]
[White "Nilssen, John Arni"]
[Black "Ramkilde, Mikael"]
[Result "1-0"]
[ECO "A57"]
[WhiteElo "2333"]
[BlackElo "1951"]
[Annotator "ChessBase"]
[PlyCount "85"]
[EventDate "2020.02.08"]
[EventType "swiss"]
[EventCountry "DEN"]
[SourceTitle "playchess.com"]
[Source "ChessBase"]
[SourceQuality "1"]
[TimeControl "40/5400+30:1800+30"]

1. d4 c5 2. d5 Nf6 3. c4 b5 4. cxb5 a6 5. b6 d6 6. Nc3 g6 7. a4 Qxb6 8. a5 Qb7 9. e4 Bg7 10. Bc4 O-O 11. Nge2 Ne8 12. O-O Nd7 13. f4 f5 14. e5 Nc7 15. Qd3 Kh8 16. e6 Nf6 17. Rd1 Rb8 18. h3 Qa7 19. Kh2 Bb7 20. Be3 Qa8 21. Rab1 Nxe6 22. dxe6 Bxg2 23. Ng3 Rb4 24. Rd2 Bc6 25. Rbd1 Rfb8 26. b3 Bb5 27. Bxb5 axb5 28. Na2 c4 29. bxc4 bxc4 30. Qe2 Rb3 31. Bb6 Rc8 32. Rc2 Qc6 33. Bd4 Kg8 34. Nc3 h6 35. Qg2 Qa6 36. Bxf6 exf6 37. Nd5 Kh7 38. Nxf5 g5 39. Qe4 Kh8 40. e7 Qc6 41. Qe6 c3 42. Qf7 Rg8 43. Nxf6 1-0

[Event "110th Anniversary Open 2020"]
[Site "Hilleroed"]
[Date "2020.02.08"]
[Round "1.8"]
[White "Stanford, Maxim Barth"]
[Black "Marshall, Michael"]
[Result "1-0"]
[ECO "D34"]
[WhiteElo "2339"]
[BlackElo "1863"]
[Annotator "ChessBase"]
[PlyCount "71"]
[EventDate "2020.02.08"]
[EventType "swiss"]
[EventCountry "DEN"]
[SourceTitle "playchess.com"]
[Source "ChessBase"]
[SourceQuality "1"]
[TimeControl "40/5400+30:1800+30"]

1. Nf3 d5 2. c4 e6 3. g3 Nf6 4. Bg2 c5 5. cxd5 exd5 6. d4 Nc6 7. O-O h6 8. Nc3 Be7 9. dxc5 Bxc5 10. Na4 Be7 11. Be3 O-O 12. Bc5 Bxc5 13. Nxc5 Re8 14. Re1 b6 15. Nb3 Bb7 16. Nbd4 Qd7 17. Nxc6 Bxc6 18. Nd4 Bb7 19. Rc1 Rac8 20. Qb3 Ne4 21. Qa3 Rxc1 22. Rxc1 Ra8 23. f3 Nf6 24. Rc3 Ne8 25. Bf1 Nd6 26. b3 a5 27. Bh3 Nb5 28. Bxd7 Nxa3 29. Rc7 Ba6 30. Bc6 Rd8 31. Ra7 Bxe2 32. Nxe2 d4 33. Ra8 Rxa8 34. Bxa8 d3 35. Nc3 d2 36. Kf2 1-0

[Event "110th Anniversary Open 2020"]
[Site "Hilleroed"]
[Date "2020.02.08"]
[Round "1.9"]
[White "Vedant Kumar Saravana"]
[Black "Sylvan, Jacob"]
[Result "0-1"]
[ECO "B31"]
[WhiteElo "1750"]
[BlackElo "2335"]
[Annotator "NA"]
[PlyCount "52"]
[EventDate "2020.02.08"]
[EventType "swiss"]
[EventCountry "DEN"]
[SourceTitle "playchess.com"]
[Source "ChessBase"]
[SourceQuality "1"]
[TimeControl "40/5400+30:1800+30"]

1. e4 c5 2. Nf3 Nc6 3. Bb5 g6 4. Bxc6 dxc6 5. Nc3 Bg7 6. O-O Nf6 7. d3 Nd7 {[%emt 0:00:54] B31: Sicilian: 2...Nc6 3 Bb5 g6.} 8. Be3 e5 {[%emt 0:01:13] [#]} 9. Qc1 $146 ({Predecessor:} 9. Qd2 h6 10. h3 b6 11. Nh2 Nf8 12. f4 exf4 13. Rxf4 Be6 14. Rf2 g5 15. Nf3 {½-½ (45) Megaranto,S (2548)-Raghunandan,K (2442) Yogyakarta 2019}) 9... h6 10. Ne2 f5 11. Bd2 f4 12. Bc3 Qe7 13. b3 g5 14. Qd2 ({Better is} 14. Nd2 $15) 14... g4 15. Ne1 Nf8 16. f3 h5 17. Bb2 Ng6 18. c3 Be6 19. d4 O-O-O 20. Nc2 Nh4 21. Ne1 Rhg8 22. Kh1 Bh8 23. Rg1 g3 24. hxg3 fxg3 25. Qe3 {[%emt 0:03:07] [#]} Nf5 {[%emt 0:00:53] Clearance} 26. exf5 Qh4# 0-1

[Event "110th Anniversary Open 2020"]
[Site "Hilleroed"]
[Date "2020.02.08"]
[Round "1.10"]
[White "Jacobsen, Mikkel Manosri"]
[Black "Andersen, Daniel"]
[Result "1-0"]
[ECO "E60"]
[WhiteElo "2315"]
[BlackElo "1806"]
[Annotator "NA"]
[PlyCount "55"]
[EventDate "2020.02.08"]
[EventType "swiss"]
[EventCountry "DEN"]
[SourceTitle "playchess.com"]
[Source "ChessBase"]
[SourceQuality "1"]
[TimeControl "40/5400+30:1800+30"]

1. d4 Nf6 2. c4 g6 3. h4 h5 4. Nc3 d5 5. Bg5 dxc4 6. e4 {[%emt 0:00:00] E60: King's Indian: Unusual lines and Fianchetto Variation without Nc3.} Bg7 7. Bxc4 O-O 8. Nge2 c5 9. d5 Nbd7 {[%emt 0:00:51] [#]} 10. Bb3 $146 ({Predecessor:} 10. f4 Nb6 11. Bb3 Bg4 12. e5 Nh7 13. d6 Nxg5 14. dxe7 Qxe7 15. hxg5 c4 16. Bc2 {0-1 (33) Kadas,G (2229)-Simai,L (2059) Ajka 2004}) 10... a6 11. f4 {[%emt 0:00:00] [#]} Ng4 (11... c4 $1 $17 12. Bxc4 b5) 12. d6 Bf6 13. e5 Bxg5 14. hxg5 exd6 15. Qxd6 Qb6 16. Qxb6 (16. O-O-O $16) 16... Nxb6 17. Ne4 c4 18. Bc2 Ne3 19. Nf6+ Kg7 20. Be4 Bf5 21. Bxf5 Nxf5 22. g4 Ne3 23. gxh5 Nc2+ 24. Kf2 Nxa1 25. h6+ Kh8 26. f5 Nc2 27. Nf4 Rg8 28. e6 $18 1-0

[Event "110th Anniversary Open 2020"]
[Site "Hilleroed"]
[Date "2020.02.08"]
[Round "1.11"]
[White "Lindgaard, Tobias Simon"]
[Black "Siva Mahadevan"]
[Result "0-1"]
[ECO "B25"]
[WhiteElo "1768"]
[BlackElo "2310"]
[Annotator "ChessBase"]
[PlyCount "46"]
[EventDate "2020.02.08"]
[EventType "swiss"]
[EventCountry "DEN"]
[SourceTitle "playchess.com"]
[Source "ChessBase"]
[SourceQuality "1"]
[TimeControl "40/5400+30:1800+30"]

1. Nc3 c5 2. d3 Nc6 3. g3 g6 4. Bg2 Bg7 5. e4 d6 6. f4 e6 7. Nge2 Nge7 8. O-O O-O 9. g4 f5 10. h3 Rb8 11. Be3 b5 12. Qe1 b4 13. Nd1 a5 14. g5 a4 15. Rb1 Ba6 16. b3 axb3 17. axb3 fxe4 18. dxe4 Nd4 19. Nxd4 cxd4 20. Bd2 Bxf1 21. Bxf1 e5 22. fxe5 Bxe5 23. Nf2 Bg3 0-1

[Event "110th Anniversary Open 2020"]
[Site "Hilleroed"]
[Date "2020.02.09"]
[Round "3.6"]
[White "Nilssen, John Arni"]
[Black "Ostergaard, Jens"]
[Result "1/2-1/2"]
[ECO "A69"]
[WhiteElo "2333"]
[BlackElo "2229"]
[Annotator "RC"]
[PlyCount "120"]
[EventDate "2020.02.08"]
[EventType "swiss"]
[EventCountry "DEN"]
[SourceTitle "playchess.com"]
[Source "ChessBase"]
[SourceQuality "1"]
[TimeControl "40/5400+30:1800+30"]

1. d4 Nf6 2. c4 e6 3. Nc3 c5 4. d5 exd5 5. cxd5 d6 6. Nf3 g6 7. Nd2 Bg7 8. e4 O-O 9. Be2 a6 10. a4 Nbd7 11. f4 Re8 12. O-O Rb8 13. Kh1 Qc7 14. e5 dxe5 15. Nc4 e4 16. f5 Ra8 17. Bf4 Qd8 18. fxg6 hxg6 19. a5 b5 20. axb6 Nxb6 21. Nd6 Rf8 22. Bg3 Ra7 23. Nxc8 Qxc8 24. Bh4 Nbd7 25. Nb5 Ra8 26. Nd6 Qb8 27. Nc4 Re8 28. Bg3 Qb7 29. Nd6 Qxb2 30. Nxe8 Nxe8 31. Rxa6 Rc8 32. Ra7 Ndf6 33. Bc4 Qb6 34. Ra6 Qb4 35. Qe2 Rd8 36. Bh4 Rd6 37. Ra8 Kh7 38. Ra7 Rd7 39. Rxd7 Nxd7 40. Bg3 f5 41. d6 Qb6 42. Rxf5 gxf5 43. Qh5+ Bh6 44. Qxf5+ Kh8 45. h4 Nef6 46. Kh2 Qd8 47. Qg6 Qf8 48. Be6 e3 49. Qf5 Qg7 50. Be1 Qf8 51. Bxd7 Qxd6+ 52. Bg3 Qxd7 53. Qxf6+ Bg7 54. Qg5 Qe6 55. Qxc5 e2 56. Qa5 Qe3 57. Qh5+ Kg8 58. Qd5+ Kh8 59. Qh5+ Kg8 60. Qd5+ Kh8 1/2-1/2

[Event "110th Anniversary Open 2020"]
[Site "Hilleroed"]
[Date "2020.02.09"]
[Round "3.10"]
[White "Andersen, Daniel"]
[Black "Brondal, Paul"]
[Result "0-1"]
[ECO "A12"]
[WhiteElo "1806"]
[BlackElo "2074"]
[Annotator "NA RC"]
[PlyCount "51"]
[EventDate "2020.02.08"]
[EventType "swiss"]
[EventCountry "DEN"]
[SourceTitle "playchess.com"]
[Source "ChessBase"]
[SourceQuality "1"]
[TimeControl "40/5400+30:1800+30"]

1. c4 c6 2. Nf3 d5 3. b3 Nf6 4. g3 Bf5 5. Bg2 h6 6. d3 e6 7. O-O Be7 8. Bb2 O-O 9. Nbd2 Nbd7 10. Qc2 Bh7 11. Rad1 a5 {[%emt 0:04:10] A12: English Opening: 1...c6 with b3 by White.} 12. a3 Nc5 13. Rfe1 Rc8 {[%emt 0:06:53] [#]} 14. b4 $146 {[%emt 0:05:12] [#]} (14. Bd4 $11) ({Predecessor:} 14. Bc3 b5 15. Qb2 Qb6 16. Ne5 Rfd8 17. cxd5 Nxd5 18. Nxc6 Rxc6 19. Bxg7 Bf8 20. Bd4 {0-1 (40) Forcen Esteban,D (2567)-Kollars,D (2562) chess.com INT 2019}) 14... axb4 $1 15. axb4 Na6 16. Qb3 Bxb4 17. Rb1 dxc4 18. Qxc4 b5 19. Qb3 {[%emt 0:00:52] [#]} c5 $1 20. Ba3 (20. Red1 $17) 20... Nd5 21. Bxb4 Naxb4 22. Rbc1 Qe7 23. e4 Nc7 24. d4 c4 $19 25. Qa3 Ra8 26. Nb1 0-1

[Event "110th Anniversary Open 2020"]
[Site "Hilleroed"]
[Date "2020.02.09"]
[Round "3.11"]
[White "Wu, Sibo"]
[Black "Friis, Henrik"]
[Result "1-0"]
[ECO "A54"]
[WhiteElo "2060"]
[BlackElo "1804"]
[Annotator "NA RC"]
[PlyCount "61"]
[EventDate "2020.02.08"]
[EventType "swiss"]
[EventCountry "DEN"]
[SourceTitle "playchess.com"]
[Source "ChessBase"]
[SourceQuality "1"]
[TimeControl "40/5400+30:1800+30"]

1. d4 d6 2. Nf3 Nf6 3. g3 Nbd7 4. Bg2 e5 5. c4 Be7 6. Nc3 O-O 7. O-O c6 8. Qc2 Qc7 9. e4 {[%emt 0:05:21] A54: Old Indian Defence with Nf3, but without e4.} a6 10. a4 a5 11. h3 Nb8 12. Be3 Na6 {[%emt 0:00:54] [#]} 13. Qe2 $146 ({Predecessor:} 13. Rad1 Bd7 14. Qe2 Rfe8 15. Ne1 h6 16. f4 Nh7 17. Qf2 exd4 18. Bxd4 Be6 19. b3 {1-0 (51) Yordanov,L (2283)-Velickovski Nejkovic,M (2147) Thessaloniki 2018}) 13... Bd7 14. Nh4 Rfe8 15. Kh2 g6 16. Rad1 Nh5 17. Nf5 Bf8 {[%emt 0:07:04] [#]} (17... Bxf5 $11 18. exf5 exd4 19. Bxd4 Bf6) 18. Qf3 (18. Nh6+ $1 $16 Bxh6 19. Bxh6) 18... Ng7 $2 (18... exd4 $14 19. Rxd4 (19. Bxd4 Nc5 $11) 19... Bxf5 20. exf5 Bg7) 19. Nh6+ {[%emt 0:00:08] Double Attack} Kh8 20. Nxf7+ Kg8 21. d5 Be7 $2 (21... Nh5 22. Nh6+ (22. Ng5 Bc8 $18) 22... Bxh6) 22. Nh6+ Kh8 23. Qe2 (23. Qf7 $142 Nh5 24. f4) 23... Rf8 24. f4 exf4 25. Rxf4 Nh5 $2 (25... Rxf4 26. Bxf4 Rf8 27. dxc6 bxc6) 26. Bd4+ Bf6 27. Bxf6+ Rxf6 28. Rxf6 Nxf6 {[%emt 0:00:14] [#]} 29. e5 $1 dxe5 $18 30. d6 Qd8 31. Nf7+ {[%emt 0:11:05] Qc7} 1-0

[Event "110th Anniversary Open 2020"]
[Site "Hilleroed"]
[Date "2020.02.10"]
[Round "4.3"]
[White "Schultz-Pedersen, Jesper"]
[Black "Kvendseth, Thyra"]
[Result "1/2-1/2"]
[ECO "B23"]
[WhiteElo "2058"]
[BlackElo "1889"]
[Annotator "NA"]
[PlyCount "72"]
[EventDate "2020.02.08"]
[EventType "swiss"]
[EventCountry "DEN"]
[SourceTitle "playchess.com"]
[Source "ChessBase"]
[SourceQuality "1"]
[TimeControl "40/5400+30:1800+30"]

1. e4 g6 2. Nc3 Bg7 3. f4 d6 4. Nf3 Nf6 5. Bc4 O-O 6. d3 Nc6 7. O-O Na5 8. Bb3 c5 9. Qe1 Nxb3 10. axb3 Nh5 {[%emt 0:07:35] B23: Closed Sicilian: Lines without g3.} 11. f5 {[%emt 0:09:33] [#]} Nf6 $146 ({Predecessor:} 11... e6 12. g4 Nf6 13. Qh4 exf5 14. exf5 Nxg4 15. Qxg4 Bxf5 16. Qg3 Qd7 17. Nd5 Be6 18. Ne3 {1-0 (45) Ratcu,T-Mrvova,A Szeged 1994}) 12. fxg6 fxg6 13. Bg5 Bg4 14. Qh4 Qd7 15. Rae1 Rae8 (15... Bxf3 $5 16. Rxf3 a6 $14) 16. Kh1 (16. Nd2 $14) 16... Nh5 17. h3 Bxf3 $1 18. Rxf3 Rxf3 19. gxf3 Rf8 20. Qg4 e6 21. Kg2 Be5 22. Ne2 Qf7 23. c3 Bf4 ({Black should play} 23... Qd7 $15) 24. Nxf4 Nxf4+ 25. Bxf4 Qxf4 26. Qxf4 Rxf4 27. d4 cxd4 28. cxd4 Rf7 29. Rc1 $11 Kg7 30. Rc8 Rd7 31. Kf2 Kf6 32. Ke3 g5 33. f4 gxf4+ 34. Kxf4 e5+ 35. Ke3 Rg7 36. dxe5+ Kxe5 1/2-1/2

[Event "110th Anniversary Open 2020"]
[Site "Hilleroed"]
[Date "2020.02.10"]
[Round "4.5"]
[White "Siva Mahadevan"]
[Black "Andersen, Soren Bull"]
[Result "1-0"]
[ECO "B07"]
[WhiteElo "2310"]
[BlackElo "2100"]
[Annotator "ChessBase"]
[PlyCount "41"]
[EventDate "2020.02.08"]
[EventType "swiss"]
[EventCountry "DEN"]
[SourceTitle "playchess.com"]
[Source "ChessBase"]
[SourceQuality "1"]
[TimeControl "40/5400+30:1800+30"]

1. e4 d6 2. d4 Nf6 3. Nc3 c6 4. f4 Qa5 5. Bd3 Nbd7 6. e5 Nd5 7. Bd2 Qc7 8. Nf3 g6 9. O-O Bh6 10. Nxd5 cxd5 11. Qe1 dxe5 12. fxe5 Bxd2 13. Qxd2 Qb6 14. c4 Nxe5 15. Nxe5 Qxd4+ 16. Qf2 Qxe5 17. Qxf7+ Kd8 18. Rae1 Qd4+ 19. Kh1 Qc5 20. Re5 e6 21. Qf6+ 1-0

[Event "110th Anniversary Open 2020"]
[Site "Hilleroed"]
[Date "2020.02.15"]
[Round "9.3"]
[White "Siva Mahadevan"]
[Black "Stanford, Maxim Barth"]
[Result "1-0"]
[ECO "C18"]
[WhiteElo "2310"]
[BlackElo "2339"]
[Annotator "ChessBase"]
[PlyCount "105"]
[EventDate "2020.02.08"]
[EventType "swiss"]
[EventCountry "DEN"]
[SourceTitle "playchess.com"]
[Source "ChessBase"]
[SourceQuality "1"]
[TimeControl "40/5400+30:1800+30"]

1. e4 e6 2. d4 d5 3. Nc3 Bb4 4. e5 c5 5. a3 Bxc3+ 6. bxc3 Qa5 7. Bd2 Qa4 8. Qg4 Kf8 9. Qd1 Nc6 10. Nf3 b6 11. h4 h6 12. h5 Ba6 13. Rh4 Bxf1 14. Kxf1 Qa6+ 15. Kg1 cxd4 16. cxd4 Nge7 17. Rf4 Ke8 18. Nh4 Rc8 19. Qf3 Nd8 20. c3 Qa4 21. Rg4 Qc2 22. Be3 Rg8 23. Rc1 Qb2 24. Qg3 Rxc3 25. Rxc3 Qxc3 26. Rxg7 Rh8 27. Qf4 Qd3 28. Kh2 Qe2 29. g4 a5 30. a4 Qd1 31. Bc1 Qxa4 32. Be3 Qd1 33. Qf6 Ng8 34. Qf4 Ne7 35. Qf6 Ng8 36. Qf4 Qc2 37. g5 Qe4 38. Qxe4 dxe4 39. g6 Ne7 40. Rh7 Rg8 41. g7 f5 42. exf6 Nd5 43. Rxh6 Kf7 44. Bg5 a4 45. Rh8 a3 46. h6 a2 47. h7 Rxg7 48. Rf8+ Kxf8 49. h8=Q+ Rg8 50. Ng6+ Ke8 51. Qxg8+ Kd7 52. Ne5+ Kc8 53. f7 1-0

[Event "110th Anniversary Open 2020"]
[Site "Hilleroed"]
[Date "2020.02.15"]
[Round "9.4"]
[White "Thorsbro, Peter"]
[Black "Nilssen, John Arni"]
[Result "0-1"]
[ECO "A43"]
[WhiteElo "2159"]
[BlackElo "2333"]
[Annotator "ChessBase"]
[PlyCount "120"]
[EventDate "2020.02.08"]
[EventType "swiss"]
[EventCountry "DEN"]
[SourceTitle "playchess.com"]
[Source "ChessBase"]
[SourceQuality "1"]
[TimeControl "40/5400+30:1800+30"]

1. d4 g6 2. e4 Nf6 3. Nc3 c5 4. d5 d6 5. Be2 Bg7 6. Be3 Na6 7. Qd2 Nc7 8. a4 O-O 9. Bh6 e6 10. O-O-O exd5 11. exd5 a6 12. h4 b5 13. h5 b4 14. Bxg7 Kxg7 15. hxg6 fxg6 16. Qh6+ Kg8 17. Ne4 Qe7 18. Nxf6+ Rxf6 19. Nf3 Bg4 20. Rde1 Bxf3 21. Bxf3 Qf7 22. Re3 Re8 23. Rhe1 Rxe3 24. Qxe3 Rf5 25. Qd3 a5 26. c4 Rf4 27. Re3 Ne8 28. Qe2 Ng7 29. Bg4 Rxf2 30. Be6 Rxe2 31. Bxf7+ Kxf7 32. Rxe2 h5 33. Kd2 Kf6 34. Ke1 g5 35. Kf2 Kf7 36. Re1 Kf6 37. Re4 Kf7 38. Re2 Kf6 39. Re1 Kf7 40. Kf3 Nf5 41. Ke4 Kg6 42. Kd3 g4 43. Re8 Kg5 44. Ke4 Ng3+ 45. Ke3 h4 46. Kf2 Kf4 47. Ra8 Ne4+ 48. Kg1 Kg3 49. Re8 Kf4 50. Rh8 Nd2 51. Ra8 Nxc4 52. b3 Nd2 53. Rxa5 Nxb3 54. Ra8 Ke5 55. Rg8 Kxd5 56. Rg5+ Kc6 57. Rxg4 Nd4 58. Rxh4 b3 59. Kf2 b2 60. Rh1 c4 0-1

[Event "110th Anniversary Open 2020"]
[Site "Hilleroed"]
[Date "2020.02.15"]
[Round "9.5"]
[White "Larsen, Karsten"]
[Black "Schultz-Pedersen, Jesper"]
[Result "1/2-1/2"]
[ECO "D02"]
[WhiteElo "2235"]
[BlackElo "2058"]
[Annotator "ChessBase"]
[PlyCount "89"]
[EventDate "2020.02.08"]
[EventType "swiss"]
[EventCountry "DEN"]
[SourceTitle "playchess.com"]
[Source "ChessBase"]
[SourceQuality "1"]
[TimeControl "40/5400+30:1800+30"]

1. Nf3 Nc6 2. d4 d5 3. Bf4 Bg4 4. e3 e6 5. Be2 Bd6 6. Bg3 Nf6 7. Nbd2 O-O 8. O-O Bxg3 9. hxg3 Qe7 10. c4 Rfd8 11. Rc1 Rac8 12. a3 Bxf3 13. Bxf3 e5 14. cxd5 Nxd5 15. Qb3 Nb6 16. Bxc6 bxc6 17. Nf3 exd4 18. Nxd4 Qe4 19. Qc2 Qg4 20. Nxc6 Re8 21. Rfd1 Ra8 22. Rd4 Qg5 23. Qc5 Qf6 24. Rcd1 h6 25. R1d2 Re6 26. Nd8 Rd6 27. Rxd6 cxd6 28. Qxd6 Qxd6 29. Rxd6 Nc4 30. Rd7 Nxb2 31. Nc6 a5 32. Rb7 Nc4 33. a4 Ra6 34. Ne7+ Kh7 35. Nd5 Rd6 36. Rb5 Ra6 37. Kf1 Nd6 38. Rc5 Ne4 39. Rb5 f5 40. Rb6 Ra7 41. Rb5 Nd6 42. Rb3 Ne4 43. Rb5 Nd6 44. Rb1 Ne4 45. Rb5 1/2-1/2

[Event "110th Anniversary Open 2020"]
[Site "Hilleroed"]
[Date "2020.02.15"]
[Round "9.6"]
[White "Wu, Sibo"]
[Black "Kristiansen, Jens"]
[Result "0-1"]
[ECO "A46"]
[WhiteElo "2060"]
[BlackElo "2406"]
[Annotator "ChessBase"]
[PlyCount "110"]
[EventDate "2020.02.08"]
[EventType "swiss"]
[EventCountry "DEN"]
[SourceTitle "playchess.com"]
[Source "ChessBase"]
[SourceQuality "1"]
[TimeControl "40/5400+30:1800+30"]

1. d4 Nf6 2. Nf3 d6 3. Nbd2 Bf5 4. g3 Nc6 5. c3 e5 6. d5 Ne7 7. e4 Bd7 8. Bg2 g6 9. O-O Bg7 10. a4 O-O 11. Re1 Ne8 12. a5 a6 13. b4 h6 14. c4 f5 15. Qb3 Nf6 16. Bb2 Kh8 17. Rac1 Rc8 18. Re2 Qe8 19. Ne1 Qf7 20. Nd3 g5 21. exf5 Bxf5 22. f3 h5 23. Rf1 Qg6 24. Nf2 Neg8 25. c5 g4 26. fxg4 hxg4 27. Nc4 Rcd8 28. Ba3 Nh6 29. b5 axb5 30. Qxb5 Nf7 31. Bc1 Bh6 32. Ne3 Bc8 33. Qd3 Qh5 34. Ne4 Nxe4 35. Bxe4 Ng5 36. Bg6 Rxf1+ 37. Kxf1 Rf8+ 38. Ke1 Nf3+ 39. Kd1 Qg5 40. Bb2 Bd7 41. Be4 Ba4+ 42. Kc1 Ng1 43. Re1 Nf3 44. Re2 dxc5 45. Kb1 Nd4 46. Bxd4 exd4 47. Nf5 Qc1+ 48. Ka2 Rxf5 49. Bxf5 c4 50. Qb1 Bb3+ 51. Ka1 Qa3+ 52. Ra2 Bxa2 53. Qxa2 Qc3+ 54. Qb2 Qxa5+ 55. Kb1 Qxd5 0-1

[Event "110th Anniversary Open 2020"]
[Site "Hilleroed"]
[Date "2020.02.15"]
[Round "9.7"]
[White "Petersen, Peter Birk"]
[Black "Sylvan, Jacob"]
[Result "1-0"]
[ECO "C97"]
[WhiteElo "2117"]
[BlackElo "2335"]
[Annotator "ChessBase"]
[PlyCount "63"]
[EventDate "2020.02.08"]
[EventType "swiss"]
[EventCountry "DEN"]
[SourceTitle "playchess.com"]
[Source "ChessBase"]
[SourceQuality "1"]
[TimeControl "40/5400+30:1800+30"]

1. e4 e5 2. Nf3 Nc6 3. Bb5 a6 4. Ba4 Nf6 5. O-O Be7 6. Re1 b5 7. Bb3 O-O 8. h3 d6 9. c3 Na5 10. Bc2 c5 11. d4 Qc7 12. Nbd2 Bd7 13. Nf1 Nc4 14. b3 Nb6 15. Ne3 Rfe8 16. dxe5 dxe5 17. c4 Bf8 18. Bb2 g6 19. a4 Bg7 20. axb5 axb5 21. Rxa8 Nxa8 22. Nxe5 Rxe5 23. Qa1 Re8 24. Bxf6 Bxf6 25. Qxf6 bxc4 26. Nd5 Qa5 27. Ra1 Qd2 28. Ra7 Qc1+ 29. Kh2 Re6 30. Rxa8+ Be8 31. Qc3 cxb3 32. Bxb3 1-0

[Event "110th Anniversary Open 2020"]
[Site "Hilleroed"]
[Date "2020.02.15"]
[Round "9.8"]
[White "Jorgensen, Dennis"]
[Black "Jensen, Thore Nyboe"]
[Result "1/2-1/2"]
[ECO "D42"]
[WhiteElo "2154"]
[BlackElo "2006"]
[Annotator "ChessBase"]
[PlyCount "86"]
[EventDate "2020.02.08"]
[EventType "swiss"]
[EventCountry "DEN"]
[SourceTitle "playchess.com"]
[Source "ChessBase"]
[SourceQuality "1"]
[TimeControl "40/5400+30:1800+30"]

1. d4 Nf6 2. Nf3 e6 3. e3 c5 4. c4 cxd4 5. exd4 d5 6. Nc3 Be7 7. cxd5 Nxd5 8. Bd3 Nc6 9. O-O O-O 10. Re1 Bf6 11. a3 Nxc3 12. bxc3 b6 13. Qc2 g6 14. Bh6 Re8 15. Be4 Bb7 16. Rad1 Qc7 17. Qd2 Rad8 18. Bg5 Qe7 19. Qf4 Bxg5 20. Nxg5 f6 21. Nf3 Kg7 22. Qc1 Na5 23. h4 Nc4 24. a4 Nd6 25. Bxb7 Qxb7 26. c4 Rc8 27. c5 Nf5 28. Qb2 Qd5 29. cxb6 Rb8 30. a5 Qxa5 31. b7 Re7 32. Ra1 Qb6 33. Qa2 Rbxb7 34. Rab1 Qd6 35. Rxb7 Rxb7 36. Rxe6 Qf4 37. d5 Rd7 38. Ra6 Qc1+ 39. Kh2 Qf4+ 40. Kg1 Qc1+ 41. Kh2 Qf4+ 42. Kg1 Qc1+ 43. Kh2 Qf4+ 1/2-1/2

[Event "110th Anniversary Open 2020"]
[Site "Hilleroed"]
[Date "2020.02.15"]
[Round "9.9"]
[White "Bronnum, Jan"]
[Black "Madsen, Michael Ole"]
[Result "0-1"]
[ECO "D02"]
[WhiteElo "2034"]
[BlackElo "2042"]
[Annotator "ChessBase"]
[PlyCount "116"]
[EventDate "2020.02.08"]
[EventType "swiss"]
[EventCountry "DEN"]
[SourceTitle "playchess.com"]
[Source "ChessBase"]
[SourceQuality "1"]
[TimeControl "40/5400+30:1800+30"]

1. d4 d5 2. Bf4 c5 3. c3 Nc6 4. e3 Nf6 5. Nf3 Qb6 6. Qb3 c4 7. Qxb6 axb6 8. Na3 Bf5 9. Nb5 Ra5 10. Nc7+ Kd7 11. h3 e6 12. a4 Bc2 13. Nb5 Rxa4 14. Rxa4 Bxa4 15. Ne5+ Nxe5 16. dxe5 Bxb5 17. exf6 gxf6 18. Be2 Bd6 19. Bxd6 Kxd6 20. Kd2 Ra8 21. Kc2 Ba4+ 22. Kb1 e5 23. f4 Bd7 24. g4 Bc6 25. Bf3 b5 26. Rd1 Kc5 27. Rf1 e4 28. Bd1 b4 29. Rg1 b5 30. g5 Rg8 31. h4 bxc3 32. bxc3 Bd7 33. Bh5 Be6 34. Kb2 b4 35. cxb4+ Kxb4 36. Kc2 fxg5 37. hxg5 Kc5 38. Ra1 Kb6 39. Kc3 f6 40. gxf6 Rf8 41. f7 Bxf7 42. Bxf7 Rxf7 43. Kd4 Rf5 44. Rh1 h5 45. Rb1+ Kc6 46. Ra1 Kd6 47. Ra6+ Ke7 48. Ra7+ Kf6 49. Ra6+ Kg7 50. Ra7+ Kg6 51. Ra6+ Rf6 52. Ra1 Rd6 53. Rg1+ Kh6 54. f5 c3 55. Ke5 Rd8 56. Rg6+ Kh7 57. Rc6 d4 58. exd4 e3 0-1